 Dungeon Crawl Stone Soup version 0.21-a0-241-g2cbab09 (webtiles) character file.

39 Chiseanne the Magician (level 3, -6/26 HPs)
             Began as a Mummy Wanderer on Sept 3, 2017.
             Mangled by a gnoll
             ... wielding a +0 club
              (10 damage)
             ... on level 2 of the Dungeon.
             The game lasted 00:02:41 (1439 turns).

Chiseanne the Magician (Mummy Wanderer)             Turns: 1439, Time: 00:02:41

Health: -6/26      AC:  5    Str: 15    XL:     3   Next: 28%
Magic:  9/9        EV: 11    Int: 11    God:
Gold:   71         SH:  0    Dex: 12    Spells: 12/12 levels left

rFire    x . .     SeeInvis .   a - +2 dagger
rCold    + . .     Gourm    .   (no shield)
rNeg     + + +     Faith    .   i - +0 leather armour
rPois    ∞         Spirit   .   n - +0 helmet
rElec    .         Reflect  .   (no cloak)
rCorr    .         Harm     .   h - +0 pair of gloves
MR       .....                  (no boots)
Stlth    +.........             (no amulet)
HPRegen  0.08/turn              (no ring)
MPRegen  0.11/turn              (no ring)

@: no status effects
A: no food or potions, fire vulnerability, cold resistance 1, negative energy
resistance 3, torment resistance, unbreathing
a: no special abilities


You were on level 2 of the Dungeon.
You were not hungry.

You visited 1 branch of the dungeon, and saw 2 of its levels.

You collected 71 gold pieces.

Inventory:

Hand Weapons
 a - a +2 dagger (weapon)
Missiles
 d - 49 stones (quivered)
 f - 13 arrows
 j - 43 sling bullets
 l - 15 poisoned needles
Armour
 h - a +0 pair of gloves (worn)
 i - a +0 leather armour (worn)
 n - a +0 helmet (worn)
Scrolls
 b - a scroll of blinking
 e - 2 scrolls of teleportation {unknown}
 g - 4 scrolls of identify {unknown}
 k - a scroll of enchant armour {unknown}
 m - a scroll of enchant weapon {unknown}
Books
 c - the Disquisition on the Snowflakes

   Spells                             Type                      Level
   a - Throw Frost                    Conjuration/Ice              2
   b - Ensorcelled Hibernation        Hexes/Ice                    2


   Skills:
 * Level 1.0 Fighting
 * Level 1.5 Short Blades
 * Level 1.2 Dodging
 - Level 1.5 Stealth
 - Level 5.3 Spellcasting
   Level 2.4 Summonings
   Level 1.0 Ice Magic


You had 12 spell levels left.
You didn't know any spells.

Dungeon Overview and Level Annotations

Branches:
Dungeon (2/15)

Altars:


Innate Abilities, Weirdness & Mutations

You do not eat or drink.
Your flesh is vulnerable to fire.
You are immune to poison.
Your flesh is cold resistant. (rC+)
You are immune to negative energy. (rN+++)
You are immune to unholy pain and torment.
You can survive without breathing.


Message History

The gnoll moves out of view.
You hit the gnoll.
The gnoll is lightly wounded.
The gnoll hits you with a club!
You hit the gnoll.
The gnoll is heavily wounded.
The gnoll closely misses you.
You hit the gnoll.
The gnoll is heavily wounded.
The gnoll hits you with a club.
* * * LOW HITPOINT WARNING * * *
You hit the gnoll.
The gnoll is severely wounded.
You barely miss the gnoll.
The gnoll is severely wounded.
The gnoll closely misses you.
You hit the gnoll.
The gnoll is almost dead.
The gnoll hits you with a club!
You die...

#.# #.# #.# # #.#
#.#.# #.#.######.
..## #..........
..... #@#######
..... #g#.....#
#......
#g#.###.##.##..#.#
#.................
###...#S####......
#.....#........#..
#.#.#.#####..g.#..
#.#...# #.......
#.#########.#.....


You could see 2 gnolls.

Vanquished Creatures
  A gnoll (D:2)
  2 dart slugs (D:1)
  A giant cockroach (D:1)
  4 goblins (D:1)
  5 hobgoblins (D:1)
  4 kobolds (D:1)
  2 ball pythons (D:1)
  A bat (D:1)
  4 frilled lizards
  3 rats (D:1)
27 creatures vanquished.

Notes
Turn   | Place    | Note
-------+----------+-------------------------------------------
     0 | D:1      | Chiseanne the Mummy Wanderer began the quest for the Orb.
     0 | D:1      | Chiseanne set off with: a +2 dagger, a scroll of blinking, the Disquisition on the Snowflakes, Sif Muna's Guide on Companions, a +0 robe
     0 | D:1      | Reached XP level 1. HP: 13/13 MP: 6/6
     1 | D:1      | Identified the Disquisition on the Snowflakes
     1 | D:1      | Identified Sif Muna's Guide on Companions
   210 | D:1      | Reached XP level 2. HP: 9/19 MP: 8/8
   377 | D:1      | Reached skill level 1 in Short Blades
   567 | D:1      | Reached skill level 1 in Dodging
  1225 | D:1      | Reached XP level 3. HP: 25/25 MP: 9/9
  1431 | D:2      | Reached skill level 1 in Fighting
  1439 | D:2      | Mangled by a gnoll

Vault maps used:
D:1:      dpeg_arrival_chambers_temple_mockup
D:2:      serial_bayou_pond_e

Skill      XL: |  1  2  3 |
---------------+----------+-----
Short Blades   | 1 |  1.5
Dodging        | 1 |  1.2
Fighting       | 1 |  1.0
Stealth        | |  1.5
Spellcasting   | |  5.3
Summonings     | |  2.4
Ice Magic      | |  1.0

Action                   || total
-------------------------++-------
Melee: Dagger            ||    96
 Stab: Sleeping          ||     2
Armor: Robe              ||     4
       Leather armour    ||     4
Dodge: Dodged            ||    42

Table legend:
 A = Spawn XP
 B = Non-spawn XP
 C = Spawn XP percentage of total XP
 D = Spawn monster count
 E = Non-spawn monster count
 F = Spawn count percentage of total count
 G = Total turns spent on level
                    A         B        C        D         E        F      G
               +---------+---------+-------+---------+---------+-------+---------
         Total |       1 |      56 |   1.8 |       1 |      26 |   3.7 |  1439
               +---------+---------+-------+---------+---------+-------+---------
           D:1 |       1 |      41 |   2.4 |       1 |      24 |   4.0 |  1221
           D:2 |       0 |      15 |   0.0 |       0 |       2 |   0.0 |   218
               +---------+---------+-------+---------+---------+-------+---------
